 Dungeon Crawl Stone Soup version 0.29.1-4-g47bece8355 (webtiles) character file.

Game seed: 9922636873788363892

4883 fishmans the Destroyer (level 10, -5/69 HPs)
             Began as a Black Draconian Fire Elementalist on Dec 3, 2022.
             Was a Follower of Vehumet.
             Killed from afar by a swamp worm (9 damage)
             ... with a harpoon shot
             ... on level 9 of the Dungeon.
             The game lasted 01:15:55 (15139 turns).

fishmans the Destroyer (DrFE)                      Turns: 15139, Time: 01:15:56

Health: -5/69      AC: 11    Str: 12    XL:     10   Next: 26%
Magic:  3/18       EV: 12    Int: 19    God:    Vehumet [*.....]
Gold:   618        SH:  0    Dex: 11    Spells: 1/20 levels left

rFire   + . .      SeeInvis .   B - +4 quarterstaff (drain)
rCold   x . .      Faith    .   (shield currently unavailable)
rNeg    . . .      Spirit   .   (body armour unavailable)
rPois   .          Reflect  .   (helmet restricted)
rElec   +          Harm     .   (no cloak)
rCorr   .          Rampage  .   (no gloves)
Will    .....                   (no boots)
Stlth   ++........              (no amulet)
HPRegen 0.21/turn               e - +4 ring of protection
MPRegen 0.16/turn               t - ring of fire

@: hasted, very quick
A: breathe lightning, AC +7, unfitting armour, electricity resistance,
cold-blooded
a: Breathe Lightning, Renounce Religion


You were on level 9 of the Dungeon.
You worshipped Vehumet.
Vehumet was aware of your devotion.
You visited 2 branches of the dungeon, and saw 10 of its levels.
You also visited: Bailey.

You collected 618 gold pieces.

Inventory:

Hand Weapons
 f - a +0 whip of freezing
 n - a +2 spear of pain
 B - a +4 quarterstaff of draining (weapon)
Missiles
 d - 32 poisoned darts
 j - 8 atropa-tipped darts
 r - 63 stones
 F - 3 boomerangs
Armour
 E - a +0 buckler
Magical Staves
 k - a staff of poison
 y - a staff of earth
Jewellery
 e - a +4 ring of protection (left hand)
 l - an amulet of faith
 t - a ring of fire (right hand)
 x - a ring of resist corrosion
 L - a +6 ring of intelligence
Wands
 q - a wand of iceblast (2)
 v - a wand of flame (30) (quivered)
 z - a wand of charming (14)
 D - a wand of quicksilver (9)
 H - a wand of digging (5)
 J - a wand of mindburst (7)
Scrolls
 c - a scroll of vulnerability
 m - 2 scrolls of poison
 u - 6 scrolls of teleportation
 G - 3 scrolls of identify
 I - a scroll of fear
 M - a scroll of amnesia
Potions
 a - a potion of magic
 b - 2 potions of resistance
 g - 3 potions of lignification
 h - 2 potions of haste
 i - 2 potions of attraction
 o - a potion of cancellation
 s - 4 potions of invisibility {unknown}
 w - a potion of flight {unknown}
 A - 2 potions of berserk rage {unknown}
 C - a potion of curing {unknown}
 K - a potion of brilliance {unknown}


   Skills:
 - Level 1.7 Dodging
 - Level 1.7 Stealth
 + Level 5.6 Spellcasting
 + Level 13.7 Conjurations
 + Level 3.7 Fire Magic


You had one spell level left.
You knew the following spells:

 Your Spells              Type           Power      Damage    Failure   Level
a - Foxfire               Conj/Fire      100%       2x1d9     1%          1
b - Scorch                Fire           58%        2d7       3%          2
c - Flame Wave            Conj/Fire      55%        2d13      3%          4
d - Orb of Destruction    Conj           27%        9d9       34%         7
e - Fireball              Conj/Fire      27%        3d12      9%          5

Your spell library contained the following spells:

 Spells                   Type           Power      Damage    Failure   Level
 Sandblast                Erth           10%        2d5       12%         1
 Sting                    Tmut/Pois      20%        1d4       12%         1
 Conjure Flame            Conj/Fire      55%        6-21      1%          3
 Stone Arrow              Conj/Erth      62%        3d10      1%          3
 Inner Flame              Hex/Fire       18%        N/A       16%         3
 Ensorcelled Hibernation  Hex/Ice        10%        N/A       19%         2
 Ozocubu's Armour         Ice            5%         N/A       34%         3
 Spider Form              Tmut/Pois      5%         N/A       34%         3
 Summon Guardian Golem    Hex/Summ       5%         N/A       34%         3
 Anguish                  Hex/Necr       2%         N/A       75%         4
 Petrify                  Tmut/Erth      5%         N/A       75%         4
 Metabolic Englaciation   Hex/Ice        2%         N/A       97%         5
 Spellforged Servitor     Conj/Summ      15%        N/A       99%         7
 Simulacrum               Ice/Necr       2%         N/A       100%        6
 Dragon Form              Tmut           2%         N/A       100%        7
 Ozocubu's Refrigeration  Ice            2%         4d8       100%        7
 Lehudib's Crystal Spear  Conj/Erth      15%        10d5      100%        8
 Animate Armour           Summ/Erth      Unusable   N/A       N/A         4

Dungeon Overview and Level Annotations

Branches:
Dungeon (9/15)             Temple (1/1) D:6          Bailey (visited)
   Lair: D:8-11         Orc: D:9-12

Altars:
Ashenzari
Cheibriados
Elyvilon
Fedhas
Gozag
Hepliaklqana
Kikubaaqudgha
Makhleb
Nemelex Xobeh
Okawaru
Qazlal
Ru
Sif Muna
Trog
Uskayaw
Vehumet
Wu Jian
Xom
Yredelemnul
Zin
The Shining One

Shops:
D:5 [

Annotations:
D:9 3 runed translucent doors, klnnlk's ghost, novice MiBe


Innate Abilities, Weirdness & Mutations

You can breathe wild blasts of lightning.
Your glossy black scales are hard. (AC +7)
You cannot fit into any form of body armour.
You are resistant to electric shocks. (rElec)
You are cold-blooded and may be slowed by cold attacks.


Message History

The swamp worm bites you but does no damage.
Activating: Breathe Lightning (3% risk of failure)
Press: ? - help, Dir - look around, f - activate Look: a swamp worm You fail to use your ability.
The swamp worm misses you.
Activating: Breathe Lightning (3% risk of failure)
Press: ? - help, Dir - look around, f - activate You breathe a wild blast of lightning!
You hear a mighty clap of thunder!
The orb of electricity explodes!
The swamp worm barely misses you.
The swamp worm attacks as you move away!
The swamp worm misses you.
The swamp worm attacks as you move away!
The swamp worm completely misses you.
The swamp worm attacks as you move away!
The swamp worm bites you but does no damage.
The swamp worm attacks as you move away!
The swamp worm misses you.
The swamp worm fires a harpoon shot at you.
The harpoon shot hits you.
You are yanked forward by the harpoon shot.
Your magical contamination has completely faded away.
Klnnlk's ghost says, "You will never get the ORB!"
The swamp worm fires a harpoon shot at you.
The harpoon shot hits you!
You are yanked forward by the harpoon shot.
You sock the swamp worm! You drain the swamp worm.
The swamp worm is heavily wounded.
The swamp worm bites you!
* * * LOW HITPOINT WARNING * * *
The swamp worm closely misses you.
Okay, then.
You feel much better. The swamp worm bites you!
* * * LOW HITPOINT WARNING * * *
You feel yourself speed up. The swamp worm bites you!
* * * LOW HITPOINT WARNING * * *
You have got your breath back.
The swamp worm fires a harpoon shot at you.
The harpoon shot hits you!
You die...

########### ###### ..........#
..#...# ..........#...#...#
..........'...+...#
..........#...#...#
.....##'########'########## .####
.|...#...#............#...# ....
.....#...'............#...# ....
...).#...#.....)@.)...#...# ..~
...#.#######'###).....#...#####~~
...#......#....#......#........~~
...#.....<#....#......#........~~
...#......#....#....w.#........~~
...#......#...#######.#........~~
...##.....#####.(..W#..#########~
....#.........#.(.$.#...........#
....#.........#...(.+...........#


You could see a swamp worm (drained).

Vanquished Creatures
  Pikel (D:7)
  Maurice (D:9)
  Joseph (D:7)
  2 hornets
  A wyvern (D:7)
  2 water moccasins
  2 orc warriors (D:6)
  3 sky beasts
  A black bear (D:6)
  3 ogres
  2 centaurs
  4 lemures
  3 phantoms
  3 bullfrogs
  2 kobold brigands (D:6)
  3 wights (D:8)
  8 killer bees
  A howler monkey (D:5)
  A jelly (D:7)
  5 orc priests
  3 gnoll boudas
  2 iguanas (D:5)
  7 orc wizards
  22 gnolls
  7 adders
  2 white imps (D:7)
  An ufetubus (D:5)
  2 dart slugs
  33 orcs
  5 bats
  4 endoplasms
  7 giant cockroaches
  7 goblins
  7 hobgoblins
  4 jackals (D:4)
  17 kobolds
  4 quokkas
  6 ball pythons
  4 frilled lizards
  5 rats
198 creatures vanquished.

Vanquished Creatures (others)
  30 foxfires
  3 plants (D:9)
33 creatures vanquished.

Grand Total: 231 creatures vanquished

Notes
Turn   | Place    | Note
-------+----------+-------------------------------------------
     0 | D:1      | fishmans the Draconian Fire Elementalist began the quest
                  | for the Orb.
     0 | D:1      | Reached XP level 1. HP: 14/14 MP: 3/3
   605 | D:1      | Reached XP level 2. HP: 20/20 MP: 3/5
   628 | D:1      | Learned a level 2 spell: Scorch
   960 | D:1      | Reached skill level 2 in Conjurations
  1982 | D:2      | Reached XP level 3. HP: 26/26 MP: 7/7
  2158 | D:2      | Found a sacrificial altar of Ru.
  2605 | D:2      | Reached XP level 4. HP: 28/28 MP: 3/8
  3061 | D:2      | Reached skill level 3 in Conjurations
  3969 | D:3      | Reached XP level 5. HP: 38/38 MP: 3/10
  4780 | D:4      | Noticed an ogre
  4805 | D:4      | Killed an ogre
  4806 | D:4      | Reached skill level 4 in Conjurations
  4907 | D:4      | Reached XP level 6. HP: 45/45 MP: 7/12
  5865 | D:5      | Entered Level 5 of the Dungeon
  6402 | D:5      | Reached skill level 5 in Spellcasting
  6402 | D:5      | Reached skill level 5 in Conjurations
  6402 | D:5      | Your scales start taking on a glossy black colour.
  6402 | D:5      | Reached XP level 7. HP: 46/50 MP: 5/14
  6402 | D:5      | Gained mutation: You are resistant to electric shocks.
                  | (rElec) [Black Draconian growth]
  6510 | D:5      | Found Eheil's Antique Armour Emporium.
  6642 | D:5      | Learned a level 4 spell: Flame Wave
  7145 | D:5      | Reached skill level 6 in Conjurations
  7709 | D:6      | Reached skill level 7 in Conjurations
  8049 | D:6      | Reached XP level 8. HP: 57/57 MP: 8/15
  8220 | D:6      | Reached skill level 8 in Conjurations
  8320 | D:6      | Found a staircase to the Ecumenical Temple.
  8710 | D:6      | Reached skill level 9 in Conjurations
  9427 | D:6      | Reached skill level 10 in Conjurations
 10023 | Temple   | Entered the Ecumenical Temple
 10061 | Temple   | Became a worshipper of Vehumet
 10130 | D:7      | Noticed Joseph
 10146 | D:7      | Killed Joseph
 10147 | D:7      | Reached XP level 9. HP: 29/62 MP: 4/16
 10147 | D:7      | Noticed Pikel
 10776 | D:6      | Reached skill level 11 in Conjurations
 11824 | D:6      | Reached skill level 12 in Conjurations
 12479 | D:7      | Killed Pikel
 12824 | D:7      | Learned a level 7 spell: Orb of Destruction
 12839 | D:8      | Reached skill level 13 in Conjurations
 13050 | D:8      | Found a sacrificial altar of Ru.
 13060 | D:8      | Found an ancient bone altar of Kikubaaqudgha.
 13065 | D:8      | Found an ornate altar of the Wu Jian Council.
 13242 | D:8      | Found a flagged portal.
 13364 | D:8      | Reached XP level 10. HP: 66/69 MP: 10/17
 13429 | Bailey   | Entered a bailey
 13849 | D:8      | Found a hazy altar of Hepliaklqana.
 13967 | D:8      | Reached * piety under Vehumet
 13967 | D:8      | Offered knowledge of Sandblast by Vehumet.
 14374 | D:8      | Identified a scroll of acquirement
 14374 | D:8      | Acquired the Atlas of Charred Sculpting
 14382 | D:8      | Learned a level 5 spell: Fireball
 14386 | D:9      | Noticed Maurice
 14399 | D:9      | Killed Maurice
 14555 | D:9      | Found a runed translucent gate.
 14555 | D:9      | Found a runed translucent gate.
 14555 | D:9      | Found a runed translucent gate.
 14555 | D:9      | Noticed klnnlk's ghost (novice MiBe)
 15131 | D:9      | HP: 3/69 [swamp worm (16)]
 15139 | D:9      | Killed from afar by a swamp worm

Illustrated notes

Levels and vault maps discovered:
D:1:      minmay_arrival_up_and_down, layout_basic
D:2:      layout_basic, basic_altar, nicolae_kite_square_tiling_tiny
D:3:      layout_loops_cross
D:4:      layout_rooms, minmay_bisected
D:5:      layout_layer_cave, serial_shops, shop_fountains
D:6:      layout_loops_corners, minmay_temple_entry_statues_fountains,
          nicolae_underground_beach
D:7:      layout_rooms, serial_corexii_hall, corexii_hall_statues_u,
          corexii_hall_statues_x, skrybe_limestone_x, uniq_joseph, uniq_pikel
D:8:      layout_loops_ring, mainiacjoe_overflow_brackets, minitemple,
          enter_bailey_4
D:9:      layout_grid_maze, nicolae_dithmenos_shadow_blocks,
          ebering_ghost_rock_garden, worms_lemuel, uniq_maurice
Temple:   sentei_temple_godly_chess

Skill      XL: |  1  2  3  4  5  6  7  8  9 |
---------------+----------------------------+-----
Conjurations   | 2 3 4 5 7 10 13 | 13.7
Spellcasting   | 3 4 5 |  5.6
Dodging        | |  1.7
Stealth        | |  1.7
Fire Magic     | |  3.7

Action                   |  1- 3 |  4- 6 |  7- 9 | 10-12 || total
-------------------------+-------+-------+-------+-------++-------
Melee: Whip              |    10 |       |       |       ||    10
       Unarmed           |     4 |       |       |       ||     4
       Tailslap          |     4 |     5 |     1 |     1 ||    11
       Spear             |     8 |    25 |    16 |       ||    49
       Punch             |       |     1 |       |       ||     1
       Quarterstaff      |       |       |       |     4 ||     4
 Cast: Foxfire           |    18 |       |       |       ||    18
       Scorch            |    29 |    85 |    29 |     2 ||   145
       Flame Wave        |       |       |    56 |    11 ||    67
       Fireball          |       |       |       |     6 ||     6
 Abil: Breathe Lightning |       |       |    30 |     4 ||    34
  Use: Scroll            |     4 |     5 |     5 |     1 ||    15
       Potion            |       |       |       |     4 ||     4
Armor: Skin              |    14 |    17 |    67 |    15 ||   113
Dodge: Dodged            |    22 |    51 |   108 |    28 ||   209
